AoeStats
← Gothic_Brother

MegaRandom

510839746Analyzed
2v2 RM · 24h ago on Oct 2, 2026· 59m 43s· 4 players
Game mode
Random Map
Map size
Medium (4 player)
Population
200
Speed
Normal
Resources
Standard
Victory
Conquest
Starting age
Dark Age
Ending age
Imperial Age
RankedLock teamsTeams togetherTeam positionsShared explorationLock speedFull tech treeHidden civsTurbo modeCheats
Victory
Defeat
🇷🇺 Persians · Russia
1112
+16
🇷🇺 Spanish · Russia
1105
+16
🇫🇷 Franks · France
1107
-16
1106
-16
Khyla
5:53 Loom
15:06 Loom
17:07 Feudal Age
22:09 Castle Age
21:19 Double-Bit Axe
24:23 Husbandry
25:23 Scale Barding Armor
28:34 Forging
32:15 Wheelbarrow
35:58 Chain Barding Armor
35:48 Gold Mining
35:54 Stone Mining
37:46 Iron Casting
41:04 Hand Cart
47:13 Imperial Age
48:58 Conscription
48:10 Cavalier
51:04 Caravan
55:28 Scale Mail Armor
55:29 Pikeman
56:10 Squires
Grand Tonton le Chafouin
12:39 Loom
16:10 Feudal Age
28:02 Castle Age
31:23 Scale Mail Armor
33:33 Double-Bit Axe
34:25 Squires
37:41 Chain Mail Armor
37:43 Arson
39:05 Horse Collar
40:04 Forging
42:53 Wheelbarrow
46:34 Iron Casting
46:09 Heavy Plow
49:28 Grand Trunk Road
52:23 Imperial Age
50:10 Hand Cart
57:44 Blast Furnace
56:19 Pikeman
Kairos
8:00 Loom
18:47 Feudal Age
20:59 Double-Bit Axe
27:26 Castle Age
37:57 Bow Saw
44:44 Forging
46:06 Scale Barding Armor
47:45 Murder Holes
48:10 Ballistics
48:51 Chain Barding Armor
50:09 Iron Casting
49:51 Horse Collar
57:48 Fletching
58:24 Masonry
58:36 Crossbowman
59:22 Thumb Ring
59:39 Kamandaran
59:57 Bodkin Arrow
Gothic_Brother
3:43 Loom
13:33 Feudal Age
19:02 Castle Age
17:29 Double-Bit Axe
19:16 Padded Archer Armor
21:19 Bloodlines
33:00 Husbandry
36:09 Leather Archer Armor
36:23 Light Cavalry
39:23 Ballistics
44:51 Imperial Age
43:04 Wheelbarrow
42:54 Forging
42:50 Scale Barding Armor
43:34 Murder Holes
44:17 Bow Saw
44:14 Horse Collar
49:33 Ring Archer Armor
49:39 Iron Casting
49:25 Chain Barding Armor
58:28 Heavy Plow
59:33 Hand Cart
59:04 Town Watch
Connection lost

Rejoining the realm…

Still unreachable

The connection could not be restored.

Session expired

The server has moved on; the page needs a fresh start.